AoeStats
← PunKY

Arabia

507741419Analyzed
1v1 RM · 12d ago on Sep 19, 2026· 41m 6s· 2 players
Game mode
Random Map
Map size
Tiny (2 player)
Population
200
Speed
Normal
Resources
Standard
Victory
Conquest
Starting age
Dark Age
Ending age
Imperial Age
RankedLock teamsTeams togetherTeam positionsShared explorationLock speedFull tech treeHidden civsTurbo modeCheats
Victory
Defeat
🇬🇧 Slavs · United Kingdom
1234
+18
🇦🇷 Hindustanis · Argentina
1268
-18
aaa
6:51 Loom
9:17 Feudal Age
10:15 Double-Bit Axe
20:45 Castle Age
19:11 Bloodlines
19:44 Horse Collar
20:04 Gold Mining
20:33 Scale Barding Armor
21:11 Forging
22:14 Stone Mining
22:37 Bow Saw
22:31 Heavy Plow
26:08 Pikeman
27:10 Squires
27:50 Scale Mail Armor
29:59 Chain Mail Armor
30:20 Iron Casting
30:53 Detinets
34:57 Imperial Age
32:52 Man-at-Arms
34:26 Long Swordsman
35:07 Halberdier
36:28 Plate Mail Armor
36:34 Conscription
38:08 Blast Furnace
38:20 Two-Handed Swordsman
40:13 Wheelbarrow
39:30 Town Watch
40:55 Champion
PunKY
5:00 Loom
10:34 Feudal Age
11:16 Double-Bit Axe
11:55 Horse Collar
18:17 Wheelbarrow
21:53 Castle Age
21:02 Scale Barding Armor
21:08 Forging
22:37 Bloodlines
22:52 Bow Saw
23:09 Chain Barding Armor
23:47 Heavy Plow
26:55 Gold Mining
28:45 Husbandry
30:03 Iron Casting
29:26 Town Watch
38:02 Imperial Age
36:10 Scale Mail Armor
36:13 Squires
36:00 Arson
37:46 Chain Mail Armor
38:09 Elite Ghulam
39:52 Blast Furnace
Connection lost

Rejoining the realm…

Still unreachable

The connection could not be restored.

Session expired

The server has moved on; the page needs a fresh start.